 Dungeon Crawl Stone Soup version 0.31-a0-1074-g0b22e4e0f1 (webtiles) character file.

Game seed: 8913090975151814642

18594 jlumianski the Grappler (level 12, -1/92 HPs)
             Began as a Gnoll Shapeshifter on Dec 2, 2023.
             Was an Elder of Wu Jian.
             Collided with a rock wall (8 damage)
             ... caused by a rakshasa
             ... on level 11 of the Dungeon.
             The game lasted 01:13:48 (12832 turns).

jlumianski the Grappler (Gnoll Shapeshifter)       Turns: 12832, Time: 01:13:48

Health: -1/92      AC: 17    Str: 18    XL:     12   Next: 60%
Magic:  23/23      EV:  8    Int: 10    God:    Wu Jian [****..]
Gold:   591        SH:  5    Dex: 12    Spells: 26/26 levels left

rFire   . . .        D - +3 lajatang (vamp)
rCold   . . .        (shield currently unavailable)
rNeg    . . .        T - +0 plate armour
rPois   .            (helmet currently unavailable)
rElec   .            (cloak currently unavailable)
rCorr   .            (gloves currently unavailable)
SInv    +            (boots currently unavailable)
Will    .....        Q - amulet of reflection Stlth
                     e - +4 ring of protection
HPRegen 0.35/turn    v - ring of see invisible
MPRegen 0.18/turn

%: reflection
@: beast-form
A: beast (slay +4), fangs 1, strong nose, distributed training
a: Begin Untransformation, Renounce Religion, Wall Jump, Serpent's Lash


You were on level 11 of the Dungeon.
You worshipped Wu Jian.
Wu Jian was greatly pleased with you.
You were a hulking beast.
You visited 2 branches of the dungeon, and saw 14 of its levels.

You collected 591 gold pieces.

Inventory:

Hand Weapons
 f - a +6 great sword
 m - a +4 scimitar of flaming
 t - a +0 vampiric war axe
 D - a +3 vampiric lajatang (weapon)
 H - a +0 long sword of holy wrath
Missiles
 b - 14 poisoned darts
 h - 2 curare-tipped darts (quivered)
 j - 14 boomerangs
 Y - a javelin
Armour
 l - a +1 buckler of protection
 T - a +0 plate armour (worn)
Jewellery
 e - a +4 ring of protection (left hand)
 i - an amulet of the acrobat
 v - a ring of see invisible (right hand)
 P - an amulet of magic regeneration
 Q - an amulet of reflection (around neck)
 Z - a +6 ring of dexterity
Talismans
 c - a beast talisman
 d - a flux talisman
Wands
 k - a wand of flame (32)
 M - a wand of digging (6)
 O - a wand of charming (5)
 U - a wand of iceblast (8)
Scrolls
 a - a scroll of summoning
 g - 3 scrolls of amnesia
 u - a scroll of fear
 y - a scroll of revelation
 z - 2 scrolls of immolation
 E - 3 scrolls of poison
 F - 3 scrolls of teleportation
 K - 4 scrolls of blinking
 W - a scroll of fog
Potions
 p - 3 potions of attraction
 q - 4 potions of curing
 A - a potion of magic
 G - a potion of cancellation
 I - 3 potions of lignification
 J - a potion of haste
 L - 2 potions of brilliance
 V - a potion of degeneration {unknown}


   Skills:
 + Level 8.0 Fighting
 + Level 7.6 Short Blades
 + Level 7.6 Long Blades
 + Level 7.6 Axes
 + Level 7.6 Maces & Flails
 + Level 7.6 Polearms
 + Level 7.6 Staves
 + Level 7.6 Ranged Weapons
 + Level 7.6 Throwing
 + Level 7.6 Armour
 + Level 8.9 Dodging
 + Level 7.6 Stealth
 + Level 7.6 Shields
 + Level 10.1 Unarmed Combat
 + Level 7.6 Spellcasting
 + Level 6.3 Conjurations
 + Level 6.3 Hexes
 + Level 6.3 Summonings
 + Level 6.3 Necromancy
 + Level 6.3 Translocations
 + Level 6.3 Transmutations
 + Level 6.3 Fire Magic
 + Level 6.3 Ice Magic
 + Level 6.3 Air Magic
 + Level 6.3 Earth Magic
 + Level 6.3 Poison Magic
 + Level 8.3 Invocations
 + Level 7.6 Evocations
 + Level 9.6 Shapeshifting


You had 26 spell levels left.
You didn't know any spells.
Your spell library contained the following spells:

 Spells                   Type           Power      Damage    Failure   Level
 Tukima's Dance           Hex            16%        N/A       73%         3
 Dimensional Bullseye     Hex/Tloc       8%         N/A       98%         4
 Iskenderun's Mystic Bla  Conj/Tloc      16%        2d5       98%         4


Dungeon Overview and Level Annotations

Branches:
Dungeon (13/15)            Temple (1/1) D:4            Lair (0/5) D:9
    Orc (0/2) D:10
 Vaults: D:13-14

Altars:
Ashenzari
Cheibriados
Dithmenos
Elyvilon
Fedhas
Gozag
Hepliaklqana
Kikubaaqudgha
Makhleb
Nemelex Xobeh
Okawaru
Qazlal
Ru
Sif Muna
Trog
Uskayaw
Vehumet
Wu Jian
Xom
Yredelemnul
Zin
The Shining One

Shops:
D:5 =   D:8 [


Innate Abilities, Weirdness & Mutations

You are a hulking beast.
Your limbs bulge with bestial killing power. (Slay +4)
You have very sharp teeth.
Your uncanny sense of smell can sniff out nearby items.
Your experience applies equally to all skills.


Message History

The rakshasa gestures at you. The lance of force hits you.
You are knocked back by the lance of force.
You slam into the rock wall!
* * * LOW HITPOINT WARNING * * *
You lunge at the rakshasa.
You closely miss the rakshasa.
The rakshasa is almost dead.
The rakshasa blinks! x2
Aiming: Iceblast
Press: ? - help, Shift-Dir - straight line, f - rakshasa
Aim: a rakshasa, wielding a +0 trident and wearing a +0 robe (almost dead)
The mass of ice explodes!
The iceblast engulfs the rakshasa!
You kill the rakshasa!
The rakshasa shimmers and vanishes!
Aiming: Iceblast
Press: ? - help, Shift-Dir - straight line, f - you
Okay, then.
Throw: 14 darts (poison)
Press: ? - help, Q - select action, (/) - cycle Shift-Dir - straight line, f - rakshasa
Aim: a rakshasa, wielding a +0 trident and wearing a +0 robe (heavily wounded, 55% to hit)
Okay, then.
Unknown command.
Throw: 4 darts (curare)
Press: ? - help, Q - select action, (/) - cycle Shift-Dir - straight line, f - rakshasa
Aim: a rakshasa, wielding a +0 trident and wearing a +0 robe (heavily wounded, 55% to hit)
You throw a curare-tipped dart.
The curare-tipped dart hits the rakshasa.
The rakshasa is heavily wounded.
Throw: 3 darts (curare)
Press: ? - help, Q - select action, (/) - cycle Shift-Dir - straight line, f/p - rakshasa
Aim: a rakshasa, wielding a +0 trident and wearing a +0 robe (heavily wounded, 55% to hit)
You throw a curare-tipped dart.
The curare-tipped dart hits the rakshasa.
The rakshasa is heavily wounded.
The rakshasa gestures at you. The lance of force hits you!!
* * * LOW HITPOINT WARNING * * *
You are knocked back by the lance of force.
You slam into the rock wall!
You die...

#................#
#................#
#................#
###############'#########...#
.#..#..#........###...###...#
.................#..........#
.................#..........#
.................'..........#
.†>.[....(R.....h#......)...#
.................#..........#
.##.##..####....##....##....#
###.########....##...)##....#
.................#.....#....#
....[............#.....#....#
.................'.....'....#
................##....##....#
.##'######......##....##....#


You could see a rakshasa.

Vanquished Creatures
  A boulder beetle (D:11)
  A centaur warrior (D:12)
  Erica (D:10)
  3 two-headed ogres
  2 dancing weapons (D:12)
  2 manticores
  3 cyclopes
  An elephant (D:9)
  An ugly thing (D:11)
  Maurice (D:11)
  Joseph (D:7)
  An unseen horror (D:11)
  Psyche (D:9)
  2 trolls
  A vampire (D:11)
  4 slime creatures
  2 wyverns (D:9)
  15 yaks
  A wraith (D:11)
  A basilisk (D:9)
  4 acid dragons
  2 water moccasins
  2 ice beasts (D:6)
  3 sky beasts
  2 black bears
  6 orc warriors
  An ogre (D:5)
  6 centaurs
  A phantom (D:7)
  A kobold brigand (D:11)
  5 bullfrogs
  A necrophage (D:5)
  4 gnoll sergeants
  2 scorpions
  A wyvern zombie (D:5)
  4 wights
  16 killer bees
  A howler monkey (D:7)
  2 bullfrog zombies (D:5)
  2 centaur zombies (D:5)
  4 hounds
  8 orc priests
  A human zombie (D:5)
  3 jellies
  3 gnoll boudas
  5 iguanas
  6 orc wizards
  A sleepcap (D:7)
  2 killer bee zombies (D:5)
  A hound zombie (D:5)
  A mummy (D:5)
  22 gnolls
  9 adders
  5 white imps
  4 dart slugs
  36 orcs
  4 endoplasms
  3 hobgoblins
  8 jackals
  4 quokkas
  11 ball pythons
  4 bats
  A frilled lizard (D:1)
  5 goblins
  14 kobolds
  2 rats (D:1)
278 creatures vanquished.

Vanquished Creatures (collateral kills)
  A yak (D:7)
1 creature vanquished.

Vanquished Creatures (others)
  A raiju (D:12)
  2 yaks (D:7)
  A killer bee (D:12)
4 creatures vanquished.

Grand Total: 283 creatures vanquished

Notes
Turn   | Place    | Note
-------+----------+-------------------------------------------
     0 | D:1      | jlumianski the Gnoll Shapeshifter began the quest for the
                  | Orb.
     0 | D:1      | Reached XP level 1. HP: 17/17 MP: 1/1
   197 | D:1      | Reached XP level 2. HP: 23/23 MP: 2/2
   423 | D:1      | Reached XP level 3. HP: 28/28 MP: 3/3
   541 | D:2      | Reached skill level 1 in Invocations
   700 | D:2      | Reached skill level 1 in Short Blades
   700 | D:2      | Reached skill level 1 in Long Blades
   700 | D:2      | Reached skill level 1 in Axes
   700 | D:2      | Reached skill level 1 in Maces & Flails
   700 | D:2      | Reached skill level 1 in Polearms
   700 | D:2      | Reached skill level 1 in Staves
   700 | D:2      | Reached skill level 1 in Ranged Weapons
   700 | D:2      | Reached skill level 1 in Throwing
   700 | D:2      | Reached skill level 1 in Armour
   700 | D:2      | Reached skill level 1 in Stealth
   700 | D:2      | Reached skill level 1 in Shields
   700 | D:2      | Reached skill level 1 in Spellcasting
   700 | D:2      | Reached skill level 1 in Evocations
   720 | D:2      | Reached XP level 4. HP: 17/34 MP: 5/5
   918 | D:3      | Reached skill level 1 in Conjurations
   918 | D:3      | Reached skill level 1 in Hexes
   918 | D:3      | Reached skill level 1 in Summonings
   918 | D:3      | Reached skill level 1 in Necromancy
   918 | D:3      | Reached skill level 1 in Translocations
   918 | D:3      | Reached skill level 1 in Transmutations
   918 | D:3      | Reached skill level 1 in Fire Magic
   918 | D:3      | Reached skill level 1 in Ice Magic
   918 | D:3      | Reached skill level 1 in Air Magic
   918 | D:3      | Reached skill level 1 in Earth Magic
   918 | D:3      | Reached skill level 1 in Poison Magic
  1236 | D:2      | Reached XP level 5. HP: 40/40 MP: 5/7
  1503 | D:4      | Noticed a black bear
  1511 | D:3      | Killed a black bear
  1552 | D:3      | Reached XP level 6. HP: 47/47 MP: 8/8
  1861 | D:4      | Reached skill level 5 in Dodging
  2143 | D:3      | Found a faded altar of an unknown god.
  2931 | D:4      | Found a radiant altar of Vehumet.
  3041 | D:4      | Found a staircase to the Ecumenical Temple.
  3052 | D:4      | Reached XP level 7. HP: 35/52 MP: 10/10
  3077 | Temple   | Entered the Ecumenical Temple
  3259 | Temple   | Became a worshipper of the Wu Jian Council
  3293 | D:4      | Reached skill level 7 in Unarmed Combat
  3325 | D:5      | Entered Level 5 of the Dungeon
  3586 | D:5      | Found Puzod's One-of-a-Kind Rings.
  3895 | D:5      | Reached XP level 8. HP: 49/60 MP: 12/12
  4373 | D:5      | Found an ancient bone altar of Kikubaaqudgha.
  5041 | D:6      | Reached * piety under Wu Jian
  5065 | D:6      | Found an iron altar of Okawaru.
  5190 | D:6      | Found a shimmering altar of Xom.
  5363 | D:6      | Reached XP level 9. HP: 58/66 MP: 14/14
  5677 | D:7      | Reached skill level 5 in Fighting
  5979 | D:7      | Noticed a manticore
  6000 | D:7      | Killed a manticore
  6001 | D:7      | Reached skill level 8 in Unarmed Combat
  6001 | D:7      | Reached skill level 5 in Invocations
  6267 | D:8      | Noticed a two-headed ogre
  6280 | D:8      | Killed a two-headed ogre
  6281 | D:8      | Reached skill level 5 in Short Blades
  6281 | D:8      | Reached skill level 5 in Long Blades
  6281 | D:8      | Reached skill level 5 in Axes
  6281 | D:8      | Reached skill level 5 in Maces & Flails
  6281 | D:8      | Reached skill level 5 in Polearms
  6281 | D:8      | Reached skill level 5 in Staves
  6281 | D:8      | Reached skill level 5 in Ranged Weapons
  6281 | D:8      | Reached skill level 5 in Throwing
  6281 | D:8      | Reached skill level 5 in Armour
  6281 | D:8      | Reached skill level 5 in Stealth
  6281 | D:8      | Reached skill level 5 in Shields
  6281 | D:8      | Reached skill level 5 in Spellcasting
  6281 | D:8      | Reached skill level 5 in Evocations
  6281 | D:8      | Reached XP level 10. HP: 69/76 MP: 17/17
  6489 | D:7      | Reached ** piety under Wu Jian
  6870 | D:7      | Noticed Joseph
  6891 | D:7      | Killed Joseph
  6998 | D:7      | Noticed a cyclops
  7004 | D:7      | Killed a cyclops
  7114 | D:7      | Identified the +0 cloak of Inaction {rF- rCorr Str+3 Dex+4}
  8116 | D:8      | Found Xemuheafo's Antique Armour Boutique.
  8231 | D:8      | Found a burning altar of Makhleb.
  8748 | D:9      | Found a broken altar of Ashenzari.
  8761 | D:10     | Entered Level 10 of the Dungeon
  8816 | D:10     | Reached XP level 11. HP: 44/83 MP: 19/19
  8820 | D:10     | Reached skill level 9 in Unarmed Combat
  8826 | D:10     | Reached skill level 5 in Conjurations
  8826 | D:10     | Reached skill level 5 in Hexes
  8826 | D:10     | Reached skill level 5 in Summonings
  8826 | D:10     | Reached skill level 5 in Necromancy
  8826 | D:10     | Reached skill level 5 in Translocations
  8826 | D:10     | Reached skill level 5 in Transmutations
  8826 | D:10     | Reached skill level 5 in Fire Magic
  8826 | D:10     | Reached skill level 5 in Ice Magic
  8826 | D:10     | Reached skill level 5 in Air Magic
  8826 | D:10     | Reached skill level 5 in Earth Magic
  8826 | D:10     | Reached skill level 5 in Poison Magic
  8902 | D:9      | Found a staircase to the Lair.
  9380 | D:9      | Noticed Psyche
  9397 | D:9      | Killed Psyche
  9467 | D:9      | Found a shimmering blue altar of Sif Muna.
  9805 | D:11     | Noticed a cyclops
  9808 | D:11     | Noticed a cyclops
  9945 | D:10     | Killed a cyclops
  9968 | D:11     | Killed a cyclops
  9968 | D:11     | Reached *** piety under Wu Jian
 10401 | D:10     | Noticed Erica
 10432 | D:10     | Killed Erica
 10532 | D:10     | Found a staircase to the Orcish Mines.
 10714 | D:10     | Reached **** piety under Wu Jian
 10759 | D:10     | Noticed a two-headed ogre
 10766 | D:10     | Killed a two-headed ogre
 10836 | D:10     | Reached XP level 12. HP: 84/91 MP: 22/22
 11277 | D:11     | Noticed a boulder beetle
 11383 | D:11     | Killed a boulder beetle
 11767 | D:11     | Noticed a two-headed ogre
 11776 | D:11     | Killed a two-headed ogre
 11897 | D:13     | Noticed a stone giant
 11897 | D:13     | Noticed an orc high priest
 11898 | D:13     | Noticed a two-headed ogre
 11898 | D:13     | Noticed a two-headed ogre
 11905 | D:13     | Noticed a stone giant
 11907 | D:13     | Noticed an ogre mage
 12024 | D:13     | Noticed an orc warlord
 12350 | D:12     | Noticed a centaur warrior
 12360 | D:12     | Reached skill level 10 in Unarmed Combat
 12365 | D:12     | Killed a centaur warrior
 12524 | D:12     | Found a sparkling altar of Nemelex Xobeh.
 12526 | D:12     | Noticed Maurice
 12532 | D:12     | Noticed a rakshasa
 12533 | D:12     | Noticed a naga sharpshooter
 12783 | D:12     | Maurice stole 14 boomerangs
 12787 | D:11     | Maurice stole 335 gold
 12794 | D:11     | Killed Maurice
 12832 | D:11     | Collided with a rock wall

Illustrated notes

Levels and vault maps discovered:
D:1:      lightli_iron_boxes, layout_rooms, chequers_garden
D:2:      kennysheep_six_static_rooms, layout_rooms
D:3:      layout_loops_ring, shapermc_ecumenical_altar_gd, supply_closet_lemuel,
          nicolae_grassy_gnolls
D:4:      layout_rooms, old_standard_altar, minmay_temple_entry_proselytizer
D:5:      layout_cave_pools, lemuel_mausoleum_altar_kikubaaqudgha, st_stairs_7,
          serial_bayou_lagoon_a, minmay_misc_feat_plants,
          nicolae_shop_unique_rings
D:6:      layout_basic, okawaru_altar_gauntlet_db, mainiacjoe_overflow_boulevard
D:7:      nzn_winding_woodlands_medium [nzn_winding_woodlands_hourglass,
          nzn_winding_woodlands_5x15_pockets,
          nzn_winding_woodlands_5x5_perimeter,
          nzn_winding_woodlands_5x5_default,
          nzn_winding_woodlands_center_triple_pond,
          nzn_winding_woodlands_5x5_open_star, nzn_winding_woodlands_5x5_three,
          nzn_winding_woodlands_5x15_zeroes,
          nzn_winding_woodlands_5x5_checkerboard], layout_basic,
          minmay_hedge_maze, uniq_joseph
D:8:      layout_basic, mainiacjoe_overflow_surrounded_room, serial_rivers,
          chequers_serial_rivers_micro_d, chequers_serial_rivers_micro_d,
          chequers_serial_rivers_small_b, chequers_serial_rivers_micro_d,
          chequers_serial_rivers_small_3, serial_shops, shop
D:9:      layout_cave_pods, cheibrodos_ashenzari_chains, lemuel_blue_sif_altar,
          david_lair_generic, uniq_psyche
D:10:     layout_rooms, david_orc_5, uniq_erica
D:11:     layout_gridville
D:12:     regret_index_nemelex_summoning_deck_glade, layout_loops_ring,
          uniq_maurice
D:13:     gammafunk_beogh_shrine, layout_basic
Temple:   nicolae_temple_bog_church

Skill      XL: |  1  2  3  4  5  6  7  8  9 10 11 12 |
---------------+-------------------------------------+-----
Invocations    | 1 2 3 4 5 6 7 8 |  8.3
Short Blades   | 1 2 3 5 6 7 |  7.6
Long Blades    | 1 2 3 5 6 7 |  7.6
Axes           | 1 2 3 5 6 7 |  7.6
Maces & Flails | 1 2 3 5 6 7 |  7.6
Polearms       | 1 2 3 5 6 7 |  7.6
Staves         | 1 2 3 5 6 7 |  7.6
Ranged Weapons | 1 2 3 5 6 7 |  7.6
Throwing       | 1 2 3 5 6 7 |  7.6
Armour         | 1 2 3 5 6 7 |  7.6
Stealth        | 1 2 3 5 6 7 |  7.6
Shields        | 1 2 3 5 6 7 |  7.6
Spellcasting   | 1 2 3 5 6 7 |  7.6
Evocations     | 1 2 3 5 6 7 |  7.6
Conjurations   | 1 2 3 4 5 6 |  6.3
Hexes          | 1 2 3 4 5 6 |  6.3
Summonings     | 1 2 3 4 5 6 |  6.3
Necromancy     | 1 2 3 4 5 6 |  6.3
Translocations | 1 2 3 4 5 6 |  6.3
Transmutations | 1 2 3 4 5 6 |  6.3
Fire Magic     | 1 2 3 4 5 6 |  6.3
Ice Magic      | 1 2 3 4 5 6 |  6.3
Air Magic      | 1 2 3 4 5 6 |  6.3
Earth Magic    | 1 2 3 4 5 6 |  6.3
Poison Magic   | 1 2 3 4 5 6 |  6.3
Fighting       | 3 4 5 6 7 8 |  8.0
Dodging        | 5 6 7 8 |  8.9
Unarmed Combat | 7 8 9 10 | 10.1
Shapeshifting  | 7 8 9 |  9.6

Action                     |  1- 3 |  4- 6 |  7- 9 | 10-12 || total
---------------------------+-------+-------+-------+-------++-------
  Melee: Unarmed           |    57 |    14 |       |       ||    71
         Bite              |     5 |     9 |    34 |    74 ||   122
         War axe           |       |    90 |    17 |       ||   107
         Punch             |       |     4 |     1 |       ||     5
         Lajatang          |       |       |   250 |   513 ||   763
         Long sword        |       |       |       |     5 ||     5
  Throw: Dart              |     3 |     6 |     7 |    32 ||    48
         Javelin           |       |       |       |     2 ||     2
 Invoke: Serpent's Lash    |       |       |       |     2 ||     2
Ability: Lunge             |       |       |    20 |    48 ||    68
         Whirlwind         |       |       |     5 |    42 ||    47
         Wall Jump         |       |       |       |    31 ||    31
  Evoke: Wand              |       |       |     1 |    14 ||    15
    Use: Potion            |     1 |     3 |     4 |     1 ||     9
         Scroll            |       |     2 |    10 |     9 ||    21
 Armour: Animal skin       |    23 |       |       |       ||    23
         Skin              |    23 |       |       |       ||    23
         Ring mail         |     4 |    11 |       |       ||    15
         Chain mail        |       |    96 |   272 |    49 ||   417
         Plate armour      |       |       |       |   445 ||   445
  Dodge: Dodged            |    31 |    71 |   143 |   251 ||   496
  Block: Other             |       |       |       |    71 ||    71
         Reflection        |       |       |       |     4 ||     4

Table legend: (Time is in decaauts)
 A = Elapsed time spent in this place.
 B = Non-inter-level travel time spent in this place.
 C = Inter-level travel time spent in this place.
 D = Time resting spent in this place.
 E = Time spent auto-exploring this place.
 F = Levels seen in this place.
 G = Mean time per level.
                   A        B        C        D        E       F      G
               +--------+--------+--------+--------+--------+-----+--------+
         Total |  13038 |  12739 |    299 |   2475 |   4940 |  14 |  931.3 |
       Dungeon |  12808 |  12509 |    299 |   2475 |   4940 |  13 |  985.2 |
        Temple |    229 |    229 |      0 |      0 |      0 |   1 |  229.0 |
               +--------+--------+--------+--------+--------+-----+--------+

Top non-repeatable levels by time:
     D:7: 1700 daAuts
     D:3: 1476 daAuts
    D:11: 1303 daAuts
    D:10: 1226 daAuts
     D:6: 1151 daAuts
     D:9: 1128 daAuts
     D:8: 1122 daAuts
     D:5: 943 daAuts
     D:4: 734 daAuts
     D:2: 701 daAuts
     D:1: 641 daAuts
    D:12: 511 daAuts
  Temple: 229 daAuts
    D:13: 167 daAuts
